EL
RICHMOND FLYING SQUIRRELS @ PORTLAND SEA DOGS
08/13/2099
 
TOP OF THE 1ST
Richmond Flying Squirrels batting - Pitching for Portland Sea Dogs : LHP Alex Agramonte
Pitching: LHP Alex Agramonte
Batting: LHB Bill Curtis 0-0: Called Strike
0-1: Ball
1-1: Foul Ball, location: 7LMF
1-2: Ball
2-2: Ball
3-2: Ground out U3 (Groundball, 3L, EV 84.4 MPH)
Batting: RHB Dusty Sorenson 0-0: Called Strike
0-1: Swinging Strike
0-2: Ball
1-2: Ball
2-2: DOUBLE (Flyball, 9LD, EV 95.6 MPH)
Batting: RHB Craig Knopp 0-0: Swinging Strike
0-1: Swinging Strike
0-2: Ball
1-2: Foul Ball, location: 3F
1-2: Strikes out swinging
Batting: LHB Josh Layne 0-0: Ground out 4-3 (Groundball, 4, EV 99.4 MPH)
Top of the 1st over - 0 runs, 1 hit, 0 errors, 1 left on base; Richmond 0 - Portland 0
BOTTOM OF THE 1ST
Portland Sea Dogs batting - Pitching for Richmond Flying Squirrels : RHP Zach Chapman
Pitching: RHP Zach Chapman
Batting: RHB Romeo Zimolo 0-0: Called Strike
0-1: Foul Ball, location: 2F
0-2: Fly out, F8 (Flyball, 8RM, EV 90.6 MPH)
Batting: LHB Dustin Spears 0-0: Ball
1-0: Foul Ball, location: 25F
1-1: Ball
2-1: Ball
3-1: Foul Ball, location: 25FF
3-2: DOUBLE (Line Drive, 7LS, EV 105.0 MPH)
Batting: RHB Ryan Rynard 0-0: Ground out 1-3 (Groundball, 13, EV 71.3 MPH)
Batting: LHB Dan McCartney 0-0: Fly out, F7 (Flyball, 78S, EV 88.8 MPH)
Bottom of the 1st over - 0 runs, 1 hit, 0 errors, 1 left on base; Richmond 0 - Portland 0
TOP OF THE 2ND
Richmond Flying Squirrels batting - Pitching for Portland Sea Dogs : LHP Alex Agramonte
Batting: RHB Nawaf Shafeeq 0-0: Called Strike
0-1: Swinging Strike
0-2: SINGLE (Groundball, 3D, EV 106.3 MPH)
Batting: LHB Eric Binder 0-0: Foul Ball, location: 2F
0-1: Called Strike
0-2: Strikes out swinging
Batting: RHB Luis Henad 0-0: Called Strike
0-1: Foul Ball, location: 25FF
0-2: Fly out, F8 (Flyball, 8RS, EV 84.4 MPH)
Batting: RHB Kevin Berry 0-0: Swinging Strike
0-1: Fly out, F8 (Flyball, 8RD, EV 110.0 MPH)
Top of the 2nd over - 0 runs, 1 hit, 0 errors, 1 left on base; Richmond 0 - Portland 0
BOTTOM OF THE 2ND
Portland Sea Dogs batting - Pitching for Richmond Flying Squirrels : RHP Zach Chapman
Batting: LHB Tony Vargas 0-0: Ball
1-0: Foul Ball, location: 7LDF
1-1: Ball
2-1: Called Strike
2-2: SINGLE (Flyball, 8LS, EV 93.1 MPH)
Batting: RHB Butch Berk 0-0: Called Strike
0-1: Called Strike
0-2: Ball
1-2: Ball
2-2: Fly out, F8 (Flyball, 8RD, EV 98.8 MPH)
Batting: RHB Chris Barley 0-0: Ball
1-0: Fielders Choice at 2nd, 6-4 (Groundball, 6, EV 94.4 MPH)
Batting: RHB Mark Pearson 0-0: Ball
1-0: Foul Ball, location: 5F
1-1: Swinging Strike
1-2: Fly out, F8 (Flyball, 89D, EV 108.8 MPH)
Bottom of the 2nd over - 0 runs, 1 hit, 0 errors, 1 left on base; Richmond 0 - Portland 0
TOP OF THE 3RD
Richmond Flying Squirrels batting - Pitching for Portland Sea Dogs : LHP Alex Agramonte
Batting: SHB Paul DiPietro 0-0: Ball
1-0: Ground out 6-3 (Groundball, 6, EV 81.3 MPH)
Batting: LHB Bill Curtis 0-0: Called Strike
0-1: Foul Ball, location: 2F
0-2: Ground out 6-3 (Groundball, 6M, EV 104.4 MPH)
Batting: RHB Dusty Sorenson 0-0: Ground out 5-3 (Groundball, 56S, EV 91.3 MPH)
Top of the 3rd over - 0 runs, 0 hits, 0 errors, 0 left on base; Richmond 0 - Portland 0
BOTTOM OF THE 3RD
Portland Sea Dogs batting - Pitching for Richmond Flying Squirrels : RHP Zach Chapman
Batting: RHB Victor Cisneros 0-0: Called Strike
0-1: Fly out, F8 (Flyball, 8RXD, EV 100.6 MPH)
Batting: RHB Romeo Zimolo 0-0: Called Strike
0-1: Ball
1-1: Ball
2-1: Foul Ball, location: 2F
2-2: Strikes out swinging, 2-3 out at first.
Batting: LHB Dustin Spears 0-0: Ball
1-0: Ball
2-0: Swinging Strike
2-1: Foul Ball, location: 7LMF
2-2: Strikes out swinging
Bottom of the 3rd over - 0 runs, 0 hits, 0 errors, 0 left on base; Richmond 0 - Portland 0
TOP OF THE 4TH
Richmond Flying Squirrels batting - Pitching for Portland Sea Dogs : LHP Alex Agramonte
Batting: RHB Craig Knopp 0-0: Called Strike
0-1: Ball
1-1: Ball
2-1: Foul Ball, location: 2F
2-2: Foul Ball, location: 2F
2-2: Foul Ball, location: 7LSF
2-2: Fly out, F4 (Line Drive, 4, EV 68.1 MPH)
Batting: LHB Josh Layne 0-0: Ball
1-0: Ball
2-0: SINGLE (Flyball, 9LS, EV 83.1 MPH)
Batting: RHB Nawaf Shafeeq 0-0: Called Strike
0-1: Ball
Josh Layne steals 2nd base
1-1: Swinging Strike
1-2: SINGLE (Groundball, 56D, EV 99.4 MPH)
Josh Layne to third
Runner from 3rd tries for Home, SAFE, throw by LF to home
Nawaf Shafeeq to second
Batting: LHB Eric Binder 0-0: Ball
1-0: SINGLE (Line Drive, 8LS, EV 92.5 MPH)
Nawaf Shafeeq to third
Runner from 3rd tries for Home, SAFE, throw by CF to home
Batting: RHB Luis Henad 0-0: Fly out, F7 (Flyball, 7LM, EV 83.1 MPH)
Batting: RHB Kevin Berry 0-0: Called Strike
0-1: Ball
1-1: Called Strike
1-2: Strikes out swinging
Top of the 4th over - 2 runs, 3 hits, 0 errors, 1 left on base; Richmond 2 - Portland 0
BOTTOM OF THE 4TH
Portland Sea Dogs batting - Pitching for Richmond Flying Squirrels : RHP Zach Chapman
Batting: RHB Ryan Rynard 0-0: Foul Ball, location: 9LMF
0-1: Ball
1-1: Ball
2-1: Ground out 4-3 (Groundball, 4, EV 87.5 MPH)
Batting: LHB Dan McCartney 0-0: SINGLE (Groundball, 4MD, EV 105.0 MPH)
Batting: LHB Tony Vargas 0-0: Called Strike
0-1: Foul Ball, location: 2F
0-2: Foul Ball, location: 7LDF
0-2: Foul Ball, location: 7LDF
0-2: Ball
1-2: Fly out, F3 (Popup, 3SF, EV 80.6 MPH)
Batting: RHB Butch Berk 0-0: Ball
1-0: Swinging Strike
1-1: Ball
2-1: SINGLE (Groundball, P, EV 83.8 MPH) (infield hit)
Dan McCartney to second
Batting: RHB Chris Barley 0-0: Foul Ball, location: 2F
0-1: Ball
1-1: Called Strike
1-2: Fly out, F8 (Flyball, 8RD, EV 110.6 MPH)
Bottom of the 4th over - 0 runs, 2 hits, 0 errors, 2 left on base; Richmond 2 - Portland 0
TOP OF THE 5TH
Richmond Flying Squirrels batting - Pitching for Portland Sea Dogs : LHP Alex Agramonte
Batting: SHB Paul DiPietro 0-0: Called Strike
0-1: Foul Ball, location: 3FF
0-2: Ball
1-2: Ground out 5-3 (Groundball, 5L, EV 83.1 MPH)
Batting: LHB Bill Curtis 0-0: Ball
1-0: Ball
2-0: SOLO HOME RUN (Flyball, 9D, EV 100.6 MPH), Distance : 374 ft
Batting: RHB Dusty Sorenson 0-0: Ball
1-0: Called Strike
1-1: Foul Ball, location: 2F
1-2: Ball
2-2: Foul Ball, location: 3SF
2-2: TRIPLE (Line Drive, 78XD, EV 109.4 MPH)
Batting: RHB Craig Knopp 0-0: Ball
1-0: Ball
2-0: Ball
3-0: Called Strike
3-1: Swinging Strike
3-2: Strikes out swinging
Batting: LHB Josh Layne 0-0: Foul Ball, location: 7LMF
0-1: Called Strike
0-2: Ball
1-2: Strikes out swinging
Top of the 5th over - 1 run, 2 hits, 0 errors, 1 left on base; Richmond 3 - Portland 0
BOTTOM OF THE 5TH
Portland Sea Dogs batting - Pitching for Richmond Flying Squirrels : RHP Zach Chapman
Batting: RHB Mark Pearson 0-0: Ball
1-0: Ground out U3 (Groundball, 3S, EV 90.6 MPH)
Batting: RHB Victor Cisneros 0-0: Ball
1-0: Swinging Strike
1-1: Foul Ball, location: 2F
1-2: Ball
2-2: Strikes out looking
Batting: RHB Romeo Zimolo 0-0: Called Strike
0-1: Swinging Strike
0-2: Strikes out swinging
Bottom of the 5th over - 0 runs, 0 hits, 0 errors, 0 left on base; Richmond 3 - Portland 0
TOP OF THE 6TH
Richmond Flying Squirrels batting - Pitching for Portland Sea Dogs : LHP Alex Agramonte
Batting: RHB Nawaf Shafeeq 0-0: Ball
1-0: Called Strike
1-1: Ball
2-1: Foul Ball, location: 2F
2-2: Ball
3-2: Fly out, F3 (Popup, 23F, EV 91.9 MPH)
Batting: LHB Eric Binder 0-0: Foul Ball, location: 23FF
0-1: Ball
1-1: Ball
2-1: Called Strike
2-2: Ball
3-2: Foul Ball, location: 7LDF
3-2: Strikes out swinging
Batting: RHB Luis Henad 0-0: Ball
1-0: Swinging Strike
1-1: Foul Ball, location: 7LSF
1-2: Strikes out swinging
Top of the 6th over - 0 runs, 0 hits, 0 errors, 0 left on base; Richmond 3 - Portland 0
BOTTOM OF THE 6TH
Portland Sea Dogs batting - Pitching for Richmond Flying Squirrels : RHP Zach Chapman
Batting: LHB Dustin Spears 0-0: Swinging Strike
0-1: Called Strike
0-2: Ball
1-2: Ball
2-2: Strikes out swinging
Batting: RHB Ryan Rynard 0-0: Ball
1-0: Ball
2-0: Ground out 6-3 (Groundball, 6D, EV 101.3 MPH)
Batting: LHB Dan McCartney 0-0: Ball
1-0: Ball
2-0: Called Strike
2-1: Ball
3-1: Called Strike
3-2: Strikes out swinging
Bottom of the 6th over - 0 runs, 0 hits, 0 errors, 0 left on base; Richmond 3 - Portland 0
TOP OF THE 7TH
Richmond Flying Squirrels batting - Pitching for Portland Sea Dogs : LHP Alex Agramonte
Pitching: RHP Antonio Ramos
Batting: RHB Kevin Berry 0-0: Ground out 5-3 (Groundball, 56, EV 105.0 MPH)
Batting: SHB Paul DiPietro 0-0: Foul Ball, location: 7LMF
0-1: Called Strike
0-2: Fly out, F7 (Flyball, 7LS, EV 87.5 MPH)
Batting: LHB Bill Curtis 0-0: Ball
1-0: Called Strike
1-1: Called Strike
1-2: SINGLE (Groundball, 6MS, EV 70.0 MPH) (infield hit)
Batting: RHB Dusty Sorenson 0-0: Called Strike
0-1: Called Strike
0-2: Strikes out swinging
Top of the 7th over - 0 runs, 1 hit, 0 errors, 1 left on base; Richmond 3 - Portland 0
BOTTOM OF THE 7TH
Portland Sea Dogs batting - Pitching for Richmond Flying Squirrels : RHP Zach Chapman
Pitching: RHP Jules Hickman
Batting: LHB Tony Vargas 0-0: Ball
1-0: Foul Ball, location: 3F
1-1: SOLO HOME RUN (Flyball, 9D, EV 98.1 MPH), Distance : 368 ft
Batting: RHB Butch Berk 0-0: Ball
1-0: Ball
2-0: Called Strike
2-1: Foul Ball, location: 7LMF
2-2: SINGLE (Line Drive, 7LS, EV 96.9 MPH)
Batting: RHB Chris Barley 0-0: Ball
1-0: Foul Ball, location: 2F
1-1: Foul Ball, location: 9LDF
1-2: DOUBLE (Line Drive, 78D, EV 92.5 MPH)
Butch Berk to third
Runner from 3rd tries for Home, SAFE, throw by LF to trailing runner, OUT at third! 7-3-5
Batting: RHB Mark Pearson 0-0: Ball
1-0: Called Strike
1-1: Swinging Strike
1-2: Strikes out swinging
Batting: RHB Victor Cisneros 0-0: Ball
1-0: Called Strike
1-1: Foul Ball, location: 5F
1-2: Strikes out swinging
Bottom of the 7th over - 2 runs, 3 hits, 0 errors, 0 left on base; Richmond 3 - Portland 2
TOP OF THE 8TH
Richmond Flying Squirrels batting - Pitching for Portland Sea Dogs : RHP Antonio Ramos
Batting: RHB Craig Knopp 0-0: Ball
1-0: Swinging Strike
1-1: Swinging Strike
1-2: Strikes out swinging
Batting: LHB Josh Layne 0-0: Called Strike
0-1: Foul Ball, location: 23FF
0-2: Ball
1-2: Ball
2-2: Ball
3-2: Strikes out looking
Batting: RHB Nawaf Shafeeq 0-0: Called Strike
0-1: DOUBLE (Groundball, 5L, EV 106.9 MPH)
Batting: LHB Eric Binder 0-0: Called Strike
0-1: Ground out 4-3 (Groundball, 4, EV 80.0 MPH)
Top of the 8th over - 0 runs, 1 hit, 0 errors, 1 left on base; Richmond 3 - Portland 2
BOTTOM OF THE 8TH
Portland Sea Dogs batting - Pitching for Richmond Flying Squirrels : RHP Jules Hickman
Pitching: LHP Alberto Vasquez
Batting: RHB Romeo Zimolo 0-0: Ball
1-0: Called Strike
1-1: Foul Ball, location: 23F
1-2: Foul Ball, location: 5F
1-2: Strikes out swinging
Pinch Hitting: RHB Alvaro Madera 0-0: Foul Ball, location: 23F
0-1: Foul Ball, location: 2F
0-2: Foul Ball, location: 2F
0-2: Ball
1-2: Strikes out swinging
Batting: RHB Ryan Rynard 0-0: Swinging Strike
0-1: Foul Ball, location: 23FF
0-2: Ball
1-2: Strikes out swinging
Bottom of the 8th over - 0 runs, 0 hits, 0 errors, 0 left on base; Richmond 3 - Portland 2
TOP OF THE 9TH
Richmond Flying Squirrels batting - Pitching for Portland Sea Dogs : RHP Antonio Ramos
Now in RF: Alvaro Madera
Batting: RHB Luis Henad 0-0: Ball
1-0: Foul Ball, location: 2F
1-1: SINGLE (Line Drive, 9S, EV 95.0 MPH)
Batting: RHB Kevin Berry 0-0: Ball
1-0: Called Strike
1-1: Foul Ball, location: 5SF
1-2: Foul Ball, location: 2F
1-2: Foul Ball, location: 5F
1-2: Strikes out swinging
Pitching: RHP Jaime Kelly
Batting: SHB Paul DiPietro 0-0: Grounds into double play, 6-4-3 (Groundball, 6, EV 100.0 MPH)
Top of the 9th over - 0 runs, 1 hit, 0 errors, 0 left on base; Richmond 3 - Portland 2
BOTTOM OF THE 9TH
Portland Sea Dogs batting - Pitching for Richmond Flying Squirrels : LHP Alberto Vasquez
Now at 1B: Nawaf Shafeeq
Now at 2B: Alex Vasquez
Now in RF: Carlos Rodriguez
Pinch Hitting: RHB Bobby Villalobos 0-0: Swinging Strike
0-1: Foul Ball, location: 2F
0-2: Ball
1-2: SINGLE (Line Drive, 7S, EV 106.9 MPH)
Batting: LHB Tony Vargas 0-0: Ball
1-0: Foul Ball, location: 2F
1-1: Called Strike
1-2: Foul Ball, location: 2F
1-2: Strikes out swinging
Batting: RHB Butch Berk 0-0: Ball
1-0: Ball
2-0: Called Strike
2-1: Fly out, F6 (Popup, 6M, EV 58.1 MPH)
Batting: RHB Chris Barley 0-0: Called Strike
0-1: Fly out, F9 (Flyball, 9D, EV 82.5 MPH)
Bottom of the 9th over - 0 runs, 1 hit, 0 errors, 1 left on base; Richmond 3 - Portland 2
Tuesday, May 14th , 2024 - OOTP Baseball 24.11 Build 85